 Dungeon Crawl Stone Soup version 0.30.1-9-gdf580d7c3d (webtiles) character file.

Game seed: 606734353884492652

871 S2B3 the Chopper (level 7, -8/100 HPs)
             Began as a Minotaur Berserker on Oct 18, 2023.
             Was an Elder of Trog.
             Mangled by an ogre
             ... wielding a +0 giant club
              (25 damage)
             ... on level 5 of the Dungeon.
             The game lasted 00:06:41 (3905 turns).

S2B3 the Chopper (Minotaur Berserker)               Turns: 3905, Time: 00:06:41

Health: -8/100     AC: 13    Str: 23    XL:     7   Next: 73%
Magic:  6/6        EV:  9    Int:  4    God:    Trog [****..]
Gold:   215        SH:  0    Dex: 10    Spells: 6/6 levels left

rFire   . . .        u - +4 hand axe
rCold   . . .        (no shield)
rNeg    . . .        g - +1 chain mail
rPois   .            (helmet restricted)
rElec   .            (no cloak)
rCorr   .            k - +1 pair of gloves
SInv    +            (no boots)
Will    .....        (no amulet) Stlth
                     p - ring of see invisible
HPRegen 0.36/turn    (no ring)
MPRegen 0.10/turn

%: no passive effects
@: berserking, very quick
A: horns 2, retaliatory headbutt
a: Renounce Religion, Berserk, Trog's Hand, Brothers in Arms


You were on level 5 of the Dungeon.
You worshipped Trog.
Trog was greatly pleased with you.
You visited 1 branch of the dungeon, and saw 5 of its levels.
You also visited: Sewer.

You collected 215 gold pieces.

Inventory:

Hand Weapons
 n - a +1 heavy hand axe
 u - a +4 hand axe (weapon)
Armour
 g - a +1 chain mail (worn)
 k - a +1 pair of gloves (worn)
Jewellery
 p - a ring of see invisible (left hand)
Scrolls
 c - 2 scrolls of blinking
 f - 4 scrolls of teleportation
 i - 3 scrolls of magic mapping
 j - a scroll of enchant armour
 l - a scroll of noise
 o - a scroll of brand weapon
Potions
 b - 3 potions of curing {unknown}
 d - 2 potions of berserk rage {unknown}
 e - a potion of haste {unknown}
 h - a potion of mutation {unknown}
 m - a potion of degeneration {unknown}
 q - a potion of brilliance {unknown}
 r - 6 potions of flight
 s - 3 potions of heal wounds {unknown}
 t - a potion of attraction {unknown}


   Skills:
 * Level 7.6 Fighting
 * Level 7.6 Axes
 + Level 5.1 Armour
 - Level 2.1 Dodging


You had 6 spell levels left.
You didn't know any spells.
Your spell library was empty.

Dungeon Overview and Level Annotations

Branches:
Dungeon (5/15)              Sewer (visited)
 Temple: D:4-7

Altars:
Gozag
Okawaru
Qazlal
Trog

Shops:
D:2 =

Annotations:
D:3 Pikel


Innate Abilities, Weirdness & Mutations

You have a pair of horns on your head.
You reflexively headbutt those who attack you in melee.


Message History

You are too injured to fight recklessly!
You miss the hound.
The hound is almost dead.
The hound stops to sniff the ground.
The hound bites you.
You slash the hound!
You kill the hound!
Trog accepts your kill.
Unknown command.
The adder bites you but does no damage. x2
You slash the adder!
You kill the adder!
Trog accepts your kill.
Unknown command.
Things that are here:
a +0 shortbow; a centaur corpse Unknown command.
You start resting.
An ogre comes into view. It is wielding a +0 giant club.
An ogre is nearby!
An ogre is nearby!
An ogre is nearby!
A shadow imp comes into view.
The shadow imp shouts, "Leave, thou infectious boil-brained brisket!"
You hit the ogre. Your headbutt misses the ogre.
The ogre is lightly wounded.
The ogre hits you with a +0 giant club!
A red film seems to cover your vision as you go berserk!
You feel yourself moving faster!
You feel mighty!
The ogre hits you with a +0 giant club!!
* * * LOW HITPOINT WARNING * * *
You barely miss the ogre.
The ogre is lightly wounded.
You barely miss the ogre. You headbutt the ogre!
The ogre is heavily wounded.
Unknown command.
You closely miss the ogre. You headbutt the ogre!
The ogre is almost dead.
The ogre hits you with a +0 giant club!!
You die...

.. .# #.......... .##.##
.##.............#..## ...
............>......## #..
.................... #...
........#...#...... .##$...
#.......#...#...#.< .......#
##..........(...###.
........##..@...##.......##..
..........O....##...........
.##....##......##............
.....>.#.5...............####
........†................## #
........#....#............# #
#.......##...#....##...####
#.......#.......#.##...#
..#...............##...######


You could see an ogre and a shadow imp.

Vanquished Creatures
  A black bear (D:4)
  2 ogres
  A centaur (D:5)
  4 lemures (D:4)
  A howler monkey (D:5)
  4 hounds
  A sleepcap (D:5)
  Jessica (D:3)
  Terence (D:2)
  An iguana (D:4)
  A sickly merfolk siren (Sewer)
  A malarious merfolk avatar (Sewer)
  Robin (D:3)
  8 adders
  2 river rats
  A white imp (D:5)
  3 worms
  2 dart slugs
  3 orcs
  6 bats
  6 endoplasms
  2 giant cockroaches
  15 goblins
  8 hobgoblins
  5 jackals
  9 quokkas
  2 ball pythons
  6 frilled lizards
  7 kobolds
  21 rats
126 creatures vanquished.

Notes
Turn   | Place    | Note
-------+----------+-------------------------------------------
     0 | D:1      | S2B3 the Minotaur Berserker began the quest for the Orb.
     0 | D:1      | Reached XP level 1. HP: 19/19 MP: 0/0
    53 | D:1      | Found a faded altar of an unknown god.
   134 | D:1      | Reached XP level 2. HP: 23/27 MP: 1/1
   494 | D:2      | Found a stormy altar of Qazlal.
   657 | D:2      | Found Pigrem's One-of-a-Kind Rings.
   750 | D:2      | Noticed Terence
   755 | D:2      | Reached ** piety under Trog
   776 | D:2      | Killed Terence
   777 | D:2      | Reached XP level 3. HP: 13/34 MP: 2/2
  1369 | D:3      | Noticed Jessica
  1384 | D:3      | Killed Jessica
  1385 | D:3      | Reached XP level 4. HP: 41/41 MP: 3/3
  1571 | D:3      | Reached skill level 5 in Fighting
  1575 | D:3      | Reached skill level 5 in Axes
  1580 | D:3      | Noticed Robin
  1615 | D:3      | Killed Robin
  1798 | D:3      | Found a bloodstained altar of Trog.
  1879 | D:3      | Reached XP level 5. HP: 48/48 MP: 4/4
  1991 | D:4      | Noticed Pikel
  1991 | D:4      | Noticed a lemure
  1991 | D:4      | Noticed a lemure
  1991 | D:4      | Noticed a lemure
  1991 | D:4      | Noticed a lemure
  2153 | D:4      | Killed a lemure
  2158 | D:4      | Killed a lemure
  2201 | D:4      | Killed a lemure
  2227 | D:4      | Killed a lemure
  2245 | D:4      | Noticed a black bear
  2253 | D:4      | Killed a black bear
  2336 | D:4      | Found a glowing drain.
  2357 | Sewer    | Entered a sewer
  2390 | Sewer    | Reached XP level 6. HP: 57/57 MP: 5/5
  2736 | Sewer    | Reached *** piety under Trog
  3259 | D:4      | Found an opulent altar of Gozag.
  3421 | D:4      | Reached XP level 7. HP: 58/64 MP: 6/6
  3608 | D:5      | Entered Level 5 of the Dungeon
  3719 | D:5      | Found an iron altar of Okawaru.
  3819 | D:5      | Reached **** piety under Trog
  3865 | D:5      | Reached skill level 5 in Armour
  3905 | D:5      | Mangled by an ogre

Illustrated notes

Levels and vault maps discovered:
D:1:      zaba_arrival_water, layout_basic, basic_ecumenical_altar
D:2:      layout_loops_ring, basic_altar, nicolae_shop_unique_rings,
          kennysheep_generic_room_3, uniq_terence
D:3:      layout_rooms, trog_book, uniq_robin, uniq_jessica
D:4:      layout_loops_ring, grunt_gozag_statues, gup_sewer_entry_bubbles,
          dreamdust_mushroom_princess, minmay_stone_trees_small,
          minmay_misc_feat_enclosed, uniq_pikel
D:5:      layout_cave_pools, mainiacjoe_overflow_catwalk

Skill      XL: |  1  2  3  4  5  6  7 |
---------------+----------------------+-----
Fighting       | 4 5 6 7 |  7.6
Axes           | 4 5 6 7 |  7.6
Armour         | 3 4 5 |  5.1
Dodging        | |  2.1

Action                     |  1- 3 |  4- 6 |  7- 9 || total
---------------------------+-------+-------+-------++-------
  Melee: Hand axe          |    82 |   194 |    40 ||   316
         Headbutt          |     9 |    33 |    10 ||    52
         Punch             |       |     2 |       ||     2
 Invoke: Berserk           |     2 |     3 |     1 ||     6
         Trog's Hand       |       |     2 |       ||     2
    Use: Scroll            |       |    10 |     2 ||    12
 Armour: Animal skin       |     4 |       |       ||     4
         Chain mail        |    39 |   101 |    23 ||   163
  Dodge: Dodged            |    40 |    76 |    20 ||   136
